cohdb
Replays
Latest Replays
All Replays
Popular Replays
Top Player Replays
Match Explorer
How It Works
Community
CoH3 Stats
Reddit
Sign in to upload your games and track your stats! →
Sign in with Steam
Match 42508441
Unlisted
Match 42508441
Overview
Messages
Build Orders
End
Panzergrenadier Squad
Panzergrenadier Squad
Construct Light Support Kompanie
Selects Panzerjäger Kommand Battlegroup
Selects Blockade Equipment
MG34 Team
Panzerjäger Squad
Fire Support Elements
Panzergrenadier Squad
Panzergrenadier Squad
Selects Defensive Positions
Construct Panzerarmee Kommand
Selects Tank Busters
Panzer III L Medium Tank
Walking Stuka Rocket Launcher
Panzer III L Medium Tank
Emergency Repair Kits
2.5-tonne Medical Truck
Selects Butterfly Bomb Drop
Butterfly Bomb Drop
Panzer III L Medium Tank
Selects Crew Shock Tactics
Butterfly Bomb Drop
Panzer III L Medium Tank
Armored Reserves
Butterfly Bomb Drop
Butterfly Bomb Drop
Tiger Heavy Tank
GIANTBASS_ITA
sergio
ManFrau
Hon
homig
kerem
ShadowStorm
Hanzz
0
0
Comments
sign in to comment!
No comments posted yet!